 Dungeon Crawl Stone Soup version 0.13.0-5-g7e31f0a (webtiles) character file.

594 Antur the Firebug (level 6, -3/36 HPs)
             Began as a High Elf Fire Elementalist on Oct 14, 2013.
             Slain by a worker ant (6 damage)
             ... on Level 5 of the Dungeon.
             The game lasted 00:13:08 (3389 turns).

Antur the Firebug (High Elf Fire Elementalist)      Turns: 3389, Time: 00:13:08

HP  -3/36        AC  3     Str  7      XL: 6   Next: 52%
MP   8/17        EV 14     Int 20      God:
Gold 198         SH  0     Dex 17      Spells:  4 memorised,  2 levels left

Res.Fire  : + . .   See Invis. : .   u - +1,+2 orc scimitar (elec)
Res.Cold  : . . .   Warding    : .   a - +0 elf robe
Life Prot.: . . .   Conserve   : .   (no shield)
Res.Poison: .       Res.Corr.  : .   (no helmet)
Res.Elec. : .       Clarity    : .   (no cloak)
Sust.Abil.: . .     Spirit.Shd : .   (no gloves)
Res.Mut.  : .       Stasis     : .   k - +0 pair of boots
Res.Rott. : .       Flight     : .   (no amulet)
Saprovore : . . .                    (no ring)
                                     s - ring of protection from fire

@: slightly resistant to hostile enchantments, stealthy
A: no striking features
a: no special abilities


You were on level 5 of the Dungeon.
You were not hungry.

You visited 1 branch of the dungeon, and saw 5 of its levels.

You collected 178 gold pieces.

Inventory:

Hand weapons
 e - a +0,+0 short sword
 n - a +1,+0 trident
 u - a +1,+2 orcish scimitar of electrocution (weapon)
Armour
 a - a +0 elven robe (worn)
 k - a +0 pair of boots (worn)
Magical devices
 j - a wand of paralysis (4) {unknown}
 v - a wand of polymorph (0)
Comestibles
 q - a bread ration
Scrolls
 h - a scroll of teleportation {unknown}
 i - 2 scrolls of random uselessness {unknown}
 m - a scroll of noise {unknown}
 p - a scroll of remove curse {unknown}
 r - a scroll of recharging {unknown}
 t - a scroll of identify
Jewellery
 s - a ring of protection from fire (left hand)
Potions
 c - a potion of heal wounds {unknown}
 f - a potion of flight {unknown}
 g - a potion of restore abilities {unknown}
 l - a potion of invisibility {unknown}
 o - a potion of cure mutation {unknown}
Books
 b - a book of Flames

   Spells                             Type                      Level
   *Flame Tongue                      Conjuration/Fire             1
   *Throw Flame                       Conjuration/Fire             2
   *Conjure Flame                     Conjuration/Fire             3
   Inner Flame                        Hexes/Fire                   3
   *Sticky Flame                      Conjuration/Fire             4
   Fireball                           Conjuration/Fire             5
Magical staves
 d - an uncursed staff of earth


   Skills:
 + Level 0.2 Fighting
 + Level 0.8 Short Blades
 + Level 0.4 Staves
 + Level 3.8 Dodging
 + Level 2.6 Stealth
 + Level 3.9 Spellcasting
 + Level 3.2 Conjurations
 + Level 4.5 Fire Magic
 + Level 0.2 Evocations


You had 2 spell levels left.
You knew the following spells:

 Your Spells              Type           Power        Failure   Level  Hunger
a - Flame Tongue          Conj/Fire      ###..        2%          1    None
b - Throw Flame           Conj/Fire      ###...       4%          2    #......
c - Conjure Flame         Conj/Fire      ###.....     10%         3    ###....
d - Sticky Flame          Conj/Fire      ###.....     30%         4    ####...


Dungeon Overview and Level Annotations

Branches:
Dungeon (5/27)             Temple (0/1) D:5

Altars:

Shops:
D:5 *

Annotations:
D:3 Deemzul's ghost, weakling OpBe
D:5 Sigmund


Message History

The puff of flame misses Sigmund.
Casting: Throw Flame
Confirm with . or Enter, or press ? or * to list all spells.
Aiming: Throw Flame
Press: ? - help, Shift-Dir - straight line, f/p - Sigmund
Aim: Sigmund, wielding a scythe and wearing a robe (moderately wounded)
The puff of flame misses Sigmund.
You hear the slow rusting of a distant drain.
Sigmund hits you from afar with a scythe!
The worker ant closely misses you.
Evoke which item? (* to show all) (? for menu, Esc to quit)
Zapping:
j - a gold wand {zapped: 4} {tried}
Press: ? - help, Shift-Dir - straight line, f/p - Sigmund
Aim: Sigmund, wielding a scythe and wearing a robe (moderately wounded) Sigmund easily resists.
The worker ant bites you.
* * * LOW HITPOINT WARNING * * *
Sigmund hits you from afar with a scythe!
* * * LOW HITPOINT WARNING * * *
The worker ant bites you.
You die...

#..........#. #..# #.# ...
...........#.#####..###.#####..#
#.#............................#
#.#...........####..#########..#
.....#.$...#######..##
#.#..#.#...#.........#
#.#..#.#....##.##.##.##
#.#..#.#....#.........#..
..#..#.#........@a......#
........#..##..⌠...@..###
.%.........##.........#
.....#.##.#......>......
..#.........#.........#.
..#...<.....#..⌠...⌠..#
..#...................
..#.#####.###........
..........# ##.


You could see Sigmund and a worker ant.

Vanquished Creatures
  An ogre (D:4)
  Blork the orc (D:5)
  A hound (D:5)
  A worker ant (D:5)
  An iguana (D:4)
  Ijyb (D:5)
  Terence (D:2)
  A gnoll (D:3)
  6 adders
  2 worms (D:2)
  An ooze (D:1)
  5 orcs
  6 bats
  5 giant cockroaches
  2 hobgoblins
  4 jackals (D:3)
  3 giant newts
  9 goblins
  12 kobolds
  8 rats
71 creatures vanquished.

Notes
Turn   | Place    | Note
--------------------------------------------------------------
     0 | D:1      | Antur, the High Elf Fire Elementalist, began the quest for the Orb.
     0 | D:1      | Reached XP level 1. HP: 11/11 MP: 4/4
   284 | D:1      | Reached XP level 2. HP: 7/17 MP: 1/5
   429 | D:1      | Learned a level 2 spell: Throw Flame
  1039 | D:2      | Reached XP level 3. HP: 14/21 MP: 0/8
  1375 | D:2      | Noticed Terence
  1397 | D:2      | Killed Terence
  1397 | D:2      | Reached XP level 4. HP: 18/27 MP: 0/11
  1723 | D:2      | Reached skill level 4 in Fire Magic
  2061 | D:3      | Learned a level 3 spell: Conjure Flame
  2154 | D:3      | Noticed Deemzul's ghost (weakling OpBe)
  2664 | D:3      | Reached XP level 5. HP: 21/31 MP: 1/13
  2801 | D:4      | Noticed an ogre
  2808 | D:4      | Killed an ogre
  2939 | D:5      | Entered Level 5 of the Dungeon
  2939 | D:5      | Found Girebiu's Elemental Accessories.
  3074 | D:5      | Reached XP level 6. HP: 29/36 MP: 8/17
  3095 | D:5      | Learned a level 4 spell: Sticky Flame
  3126 | D:5      | Noticed Blork the orc
  3132 | D:5      | Killed Blork the orc
  3228 | D:5      | Noticed Ijyb
  3243 | D:5      | Killed Ijyb
  3378 | D:5      | Found a staircase to the Ecumenical Temple.
  3380 | D:5      | Noticed Sigmund
  3389 | D:5      | Slain by a worker ant

Action                   |  1- 3 |  4- 6 || total
-------------------------+-------+-------++-------
Melee: Unarmed           |     7 |       ||     7
       Short sword       |    18 |       ||    18
       Trident           |    16 |    26 ||    42
       Staff             |       |    21 ||    21
       Scimitar          |       |     5 ||     5
 Cast: Flame Tongue      |    45 |    59 ||   104
       Throw Flame       |     3 |    39 ||    42
       Conjure Flame     |       |     2 ||     2
Evoke: Wand              |       |     5 ||     5
  Use: Potion            |     1 |     1 ||     2
       Scroll            |       |     4 ||     4
 Stab: Sleeping          |       |     1 ||     1
